 Dungeon Crawl Stone Soup version 0.29.1-12-g30fa7ad0bf (webtiles) character file.

Game seed: 16795683758610445055

739 Radix the Sneak (level 7, 0/82 HPs)
             Began as a Naga Venom Mage on Dec 17, 2022.
             Slain by Duvessa
             ... wielding a +0 short sword
              (9 damage)
             ... on level 4 of the Dungeon.
             The game lasted 00:42:50 (3999 turns).

Radix the Sneak (Naga Venom Mage)                   Turns: 3999, Time: 00:42:50

Health: 0/82       AC: 27    Str: 11    XL:     7   Next: 75%
Magic:  20/23      EV:  1    Int: 17    God:
Gold:   151        SH:  0    Dex: 11    Spells: 10/15 levels left

rFire   . . .      SeeInvis +   w - +2 dagger (venom)
rCold   . . .      Faith    .   (no shield)
rNeg    . . .      Spirit   .   (body armour currently unavailable)
rPois   +          Reflect  .   (helmet currently unavailable)
rElec   .          Harm     .   (cloak currently unavailable)
rCorr   .          Rampage  .   (gloves currently unavailable)
Will    .....      NoTele   +   (no barding)
Stlth   +++.......              k - amulet of the acrobat
HPRegen 0.23/turn               e - ring of magical power
MPRegen 0.18/turn               f - +4 ring of protection

@: tree-form
A: stationary, stasis, torment immunity, boosted hp, AC +2, large, see
invisible, (deformed body), (poison resistance), (slowness 2), spit poison 1,
(naga tail 1)
a: Spit Poison


You were on level 4 of the Dungeon.
You were a tree.
You visited 1 branch of the dungeon, and saw 5 of its levels.

You collected 151 gold pieces.

Inventory:

Hand Weapons
 d - a +0 flail of draining
 n - a +0 short sword of flaming
 u - a +4 quarterstaff of chaos
 v - a +0 hammer
 w - a +2 dagger of venom (weapon)
Missiles
 c - 2 throwing nets
 h - 4 datura-tipped darts (quivered)
Armour
 a - a +0 robe
 m - a +0 pair of gloves (melded)
 t - a +0 cloak (melded)
 x - a +1 animal skin (melded)
 y - a +1 helmet (melded)
Jewellery
 e - a ring of magical power (left branch)
 f - a +4 ring of protection (right branch)
 k - an amulet of the acrobat (around neck)
 z - a ring of willpower
 A - a ring of resist corrosion
Scrolls
 j - 4 scrolls of identify
 p - a scroll of magic mapping
Potions
 b - a potion of magic
 o - a potion of degeneration
 r - a potion of attraction {unknown}


   Skills:
 - Level 1.5 Dodging
 + Level 7.7 Stealth
 + Level 4.8 Spellcasting
 - Level 1.0 Transmutations
 + Level 7.5 Poison Magic


You had 10 spell levels left.
You knew the following spells:

 Your Spells              Type           Power      Damage    Failure   Level
a - Sting                 Tmut/Pois      72%        1d6       2%          1
b - Olgreb's Toxic Radia  Pois           29%        N/A       6%          4

Your spell library contained the following spells:

 Spells                   Type           Power      Damage    Failure   Level
 Poisonous Vapours        Pois/Air       32%        N/A       4%          2
 Mephitic Cloud           Conj/Pois/Air  12%        N/A       16%         3


Dungeon Overview and Level Annotations

Branches:
Dungeon (5/15)
 Temple: D:4-7

Altars:
Ashenzari
Dithmenos
Gozag
Hepliaklqana
Makhleb
The Shining One

Annotations:
D:4 Duvessa


Innate Abilities, Weirdness & Mutations

You are a tree.
Your roots penetrate the ground, keeping you stationary.
You cannot be teleported.
You are immune to unholy pain and torment.
Your maximum health is greatly increased.
Your equipment is partially melded.
((Your serpentine skin is tough. (AC +2)))
You have supernaturally acute eyesight. (SInv)
((Armour fits poorly on your strangely shaped body.))
((Your system is resistant to poisons. (rPois)))
((You cover ground very slowly.))
You can spit poison.
((You have a snake-like lower body.))


Message History

Duvessa hits you but does no damage. Duvessa closely misses you.
The orc priest attacks as you move away!
The orc priest completely misses you. The orc priest closely misses you.
Duvessa completely misses you. Duvessa attacks as you move away!
Duvessa misses you.
The orc priest attacks as you move away!
The orc priest hits you but does no damage.
Duvessa misses you. Duvessa attacks as you move away! Duvessa misses you.
You kill the orc priest!
Duvessa barely misses you.
Dowan casts a spell.
Dowan blinks!
You kill Dowan!
Duvessa screams in rage.
Duvessa goes berserk!
Duvessa hits you but does no damage. Duvessa misses you.
Duvessa attacks as you move away! Duvessa misses you.
Duvessa completely misses you. Duvessa attacks as you move away!
Duvessa misses you. Duvessa completely misses you.
Duvessa hits you but does no damage. Duvessa closely misses you.
Duvessa barely misses you. Duvessa completely misses you. x2
Duvessa rages.
Duvessa hits you with a +0 short sword!
* * * LOW HITPOINT WARNING * * *
Really quaff the potion of lignification?
You turn into a tree.
Your +0 cloak melds into your body.
Your +1 helmet melds into your body.
Your +0 pair of gloves melds into your body.
Your +1 animal skin melds into your body.
Your roots penetrate the ground.
Duvessa looks more healthy.
Duvessa hits you but does no damage.
It was a potion of flight.
Your roots keep you in place.
Duvessa hits you with a +0 short sword!
* * * LOW HITPOINT WARNING * * *
Duvessa hits you with a +0 short sword!
You die...

#.. ##.. #...
#...##############
#..................
#..................##
#......e♣...........#
#...................#
#.........$.........#
#..................)##
###........).........#
##..#..........).....#
##..####.?............#
##..## ###.......§....#
.######..###
###..........##


You could see Duvessa (berserk, fast).

Vanquished Creatures
  Sigmund (D:5)
  A scorpion (D:5)
  A necrophage (D:5)
  Dowan (D:4)
  Crazy Yiuf (D:2)
  An orc priest (D:4)
  A gnoll bouda (D:5)
  An iguana (D:5)
  Robin (D:3)
  13 gnolls
  4 adders
  An ufetubus (D:5)
  2 worms (D:2)
  3 dart slugs
  3 orcs
  5 ball pythons
  6 bats
  5 endoplasms
  A giant cockroach (D:1)
  12 goblins
  11 hobgoblins
  3 jackals (D:3)
  6 kobolds
  5 quokkas
  5 frilled lizards
  A hobgoblin zombie (D:5)
  An orc skeleton (D:5)
  11 rats
107 creatures vanquished.

Vanquished Creatures (collateral kills)
  A hobgoblin zombie (D:5)
  A kobold zombie (D:5)
  An orc skeleton (D:5)
3 creatures vanquished.

Vanquished Creatures (others)
  A quasit (D:5)
  An orc (D:4)
2 creatures vanquished.

Grand Total: 112 creatures vanquished

Notes
Turn   | Place    | Note
-------+----------+-------------------------------------------
     0 | D:1      | Radix the Naga Venom Mage began the quest for the Orb.
     0 | D:1      | Reached XP level 1. HP: 15/15 MP: 3/3
   257 | D:1      | Reached XP level 2. HP: 10/22 MP: 5/5
   881 | D:1      | Found a faded altar of an unknown god.
   889 | D:1      | Reached XP level 3. HP: 28/28 MP: 6/6
  1423 | D:1      | Reached skill level 5 in Poison Magic
  1747 | D:2      | Reached XP level 4. HP: 28/36 MP: 8/8
  2138 | D:2      | Found a burning altar of Makhleb.
  2307 | D:2      | Found a runed translucent door.
  2308 | D:2      | Noticed Crazy Yiuf
  2513 | D:2      | Killed Crazy Yiuf
  2807 | D:3      | Found a hazy altar of Hepliaklqana.
  2807 | D:3      | Noticed Robin
  2826 | D:3      | Reached XP level 5. HP: 40/42 MP: 9/9
  2854 | D:3      | Killed Robin
  3230 | D:3      | Found an opulent altar of Gozag.
  3285 | D:3      | Reached skill level 5 in Stealth
  3482 | D:3      | Learned a level 4 spell: Olgreb's Toxic Radiance
  3545 | D:4      | Noticed Duvessa
  3553 | D:4      | Noticed Dowan
  3577 | D:5      | Entered Level 5 of the Dungeon
  3596 | D:5      | Found a shadowy altar of Dithmenos.
  3611 | D:5      | Found a glowing golden altar of the Shining One.
  3649 | D:5      | Reached XP level 6. HP: 28/49 MP: 11/11
  3667 | D:5      | Noticed Sigmund
  3685 | D:5      | Killed Sigmund
  3686 | D:5      | Reached XP level 7. HP: 32/55 MP: 1/13
  3919 | D:5      | Found a broken altar of Ashenzari.
  3991 | D:4      | Killed Dowan
  3999 | D:4      | Slain by Duvessa

Illustrated notes

Levels and vault maps discovered:
D:1:      dpeg_arrival_ratfight, layout_loops_ring,
          ebering_ecumenical_altar_abandoned
D:2:      layout_loops_ring, basic_altar, uniq_crazy_yiuf_cottage
D:3:      layout_basic, mainiacjoe_overflow_small_starburst,
          nicolae_gozag_cash_rules_everything_around_me, uniq_robin
D:4:      layout_cave_pods, lemuel_coloured_pillars_altar,
          nicolae_uskayaw_en_pointe, gup_sewer_entry_bowl, serial_shops, shop,
          minmay_ruptured, uniq_edmund, uniq_duvessa
D:5:      nicolae_cairo_tiling, layout_loops_ring, mainiacjoe_overflow_alcove_1,
          mainiacjoe_overflow_tiny_flanked, kennysheep_slug_shrine,
          overflow_temple_1_default, nicolae_tso_besieged_by_evil,
          lightli_church_of_beogh, uniq_grinder, uniq_sigmund

Skill      XL: |  1  2  3  4  5  6  7 |
---------------+----------------------+-----
Poison Magic   | 5 6 7 |  7.5
Stealth        | 4 5 6 7 |  7.7
Spellcasting   | 3 4 |  4.8
Dodging        | |  1.5
Transmutations | |  1.0

Action                   |  1- 3 |  4- 6 |  7- 9 || total
-------------------------+-------+-------+-------++-------
Melee: Club              |     8 |       |       ||     8
       Short sword       |    46 |    20 |       ||    66
       Punch             |     1 |       |       ||     1
       Dagger            |       |    59 |    17 ||    76
Throw: Dart              |       |     5 |       ||     5
 Cast: Sting             |    51 |    46 |     4 ||   101
       Olgreb's Toxic Ra |       |     3 |     4 ||     7
  Use: Potion            |     2 |     4 |     5 ||    11
       Scroll            |       |     2 |     3 ||     5
 Stab: Sleeping          |     8 |       |       ||     8
Armor: Robe              |    10 |    13 |       ||    23
       Animal skin       |       |   100 |    15 ||   115
       Skin              |       |    80 |    54 ||   134
Dodge: Dodged            |    39 |   215 |    71 ||   325
